 Dungeon Crawl Stone Soup version 0.28-a0-834-g1a73be5ee4 (webtiles) character file.

Game seed: 11802883224252157242

75659 BinkBink the Eclecticist (level 15, -1/79 HPs)
             Began as a Spriggan Fire Elementalist on Nov 10, 2021.
             Was a High Priest of Sif Muna.
             Slain by a spriggan berserker (38 damage)
             ... on level 14 of the Dungeon on Nov 11, 2021.
             The game lasted 03:09:03 (47621 turns).

BinkBink the Eclecticist (SpFE)                    Turns: 47621, Time: 03:09:03

Health: -1/79      AC:  3    Str:  4    XL:     15   Next: 10%
Magic:  35/35      EV: 26    Int: 29    God:    Sif Muna [*****.]
Gold:   1518       SH:  0    Dex: 16    Spells: 38/45 levels left

rFire   . . .      SeeInvis +   j - staff of poison
rCold   . . .      Faith    .   (shield currently unavailable)
rNeg    . . .      Spirit   .   R - +2 robe {Will+}
rPois   +          Reflect  .   (helmet restricted)
rElec   .          Harm     .   S - scarf {+Inv}
rCorr   .          Rampage  .   (gloves unavailable)
Will    +++..                   (boots unavailable)
Stlth   +++++.....              (no amulet)
HPRegen 0.23/turn               I - +6 ring of intelligence
MPRegen 0.24/turn               r - +4 ring of evasion

@: very quick
A: very small, no large weapons, unfitting armour, see invisible, speed 3,
deformed body
a: Renounce Religion, Evoke Invisibility, Channel Magic, Forget Spell, Divine
Exegesis


You were on level 14 of the Dungeon.
You worshipped Sif Muna.
Sif Muna was extremely pleased with you.
You visited 4 branches of the dungeon, and saw 24 of its levels.

You collected 1644 gold pieces.
You spent 126 gold pieces at shops.

Inventory:

Hand Weapons
 B - the +11 hand axe of Utwiopp {venom, Str+2}
   (You found it on level 8 of the Dungeon)

   It poisons the flesh of those it strikes.
   Str:       It affects your strength (+2).
Missiles
 W - 3 throwing nets
Armour
 o - a +2 cloak
 R - a +2 robe of willpower (worn)
 S - a scarf of invisibility (worn)
Magical Staves
 j - a staff of poison (weapon)
 V - a staff of death
Jewellery
 a - the ring "Mares" {Fly rElec Slay+4 SInv Stlth-}
   (You found it on level 6 of the Lair of Beasts)

   [ring of slaying]

   Slay:      It affects your accuracy & damage with ranged weapons and melee
   (+4).
   rElec:     It insulates you from electricity.
   SInv:      It lets you see invisible.
   Fly:       It grants you flight.
   Stlth:     It makes you less stealthy.
 c - a ring of wizardry
 r - a +4 ring of evasion (right hand)
 y - a +6 ring of strength
 D - a ring of resist corrosion
 F - a +6 ring of dexterity
 I - a +6 ring of intelligence (left hand)
 T - a ring of wizardry
 U - a ring of flight
Wands
 t - a wand of paralysis (13)
 u - a wand of polymorph (13)
 E - a wand of charming (23)
 H - a wand of acid (13)
 J - a wand of flame (45)
 K - a wand of mindburst (36)
Scrolls
 b - 5 scrolls of enchant weapon
 e - 5 scrolls of enchant armour
 f - 3 scrolls of silence
 g - 2 scrolls of vulnerability
 h - 8 scrolls of amnesia
 m - 2 scrolls of magic mapping
 p - 2 scrolls of noise
 s - a scroll of summoning {unknown}
 A - 2 scrolls of holy word
 G - 2 scrolls of brand weapon
 O - 2 scrolls of acquirement
 P - a scroll of fear
Potions
 d - a potion of flight {unknown}
 i - 3 potions of curing
 k - 4 potions of lignification
 l - 2 potions of might
 n - 2 potions of resistance
 q - 5 potions of ambrosia
 v - 3 potions of attraction
 w - 3 potions of brilliance
 x - a potion of invisibility
 C - 4 potions of haste
 L - a potion of degeneration {unknown}
 M - a potion of magic {unknown}


   Skills:
 * Level 9.2 Fighting
 * Level 9.2 Dodging
 * Level 12.5 Stealth
 + Level 15.7 Spellcasting
 + Level 7.8 Conjurations
 + Level 8.9 Fire Magic
 * Level 7.9 Air Magic
 * Level 7.9 Poison Magic
 * Level 6.6 Evocations


You had 38 spell levels left.
You knew the following spells:

 Your Spells              Type           Power      Damage    Failure   Level
a - Foxfire               Conj/Fire      100%       2x1d9     1%          1
b - Poisonous Vapours     Pois/Air       100%       N/A       1%          2
c - Airstrike             Air            31%        N/A       1%          4

Your spell library contained the following spells:

 Spells                   Type           Power      Damage    Failure   Level
 Animate Skeleton         Necr           44%        N/A       1%          1
 Magic Dart               Conj           100%       1d8       1%          1
 Pain                     Necr           88%        1d8       1%          1
 Sting                    Tmut/Pois      100%       1d8       1%          1
 Scorch                   Fire           100%       2d10      1%          2
 Searing Ray              Conj           100%       2d8       1%          2
 Conjure Flame            Conj/Fire      64%        6-21      1%          3
 Inner Flame              Hex/Fire       48%        N/A       1%          3
 Flame Wave               Conj/Fire      64%        3d11      1%          4
 Olgreb's Toxic Radiance  Pois           80%        N/A       1%          4
 Iskenderun's Battlesphe  Conj           62%        2d11      2%          5
 Lightning Bolt           Conj/Air       31%        1d48      2%          5
 Fulminant Prism          Conj/Hex       22%        3d13      4%          4
 Hailstorm                Conj/Ice       45%        3d10      4%          4
 Summon Lightning Spire   Summ/Air       45%        N/A       4%          4
 Call Canine Familiar     Summ           22%        N/A       6%          3
 Ozocubu's Armour         Ice            22%        N/A       6%          3
 Portal Projectile        Hex/Tloc       44%        N/A       6%          3
 Vampiric Draining        Necr           22%        2d7       6%          3
 Irradiate                Conj/Tmut      22%        3d21      12%         5
 Leda's Liquefaction      Hex/Erth       11%        N/A       21%         4
 Blade Hands              Tmut           11%        N/A       50%         5
 Excruciating Wounds      Necr           11%        N/A       50%         5
 Iron Shot                Conj/Erth      22%        9d5       54%         6
 Orb of Destruction       Conj           31%        9d12      56%         7
 Simulacrum               Ice/Necr       11%        N/A       97%         6
 Spellforged Servitor     Conj/Summ      22%        N/A       98%         7
 Ozocubu's Refrigeration  Ice            11%        4d7       100%        7
 Chain Lightning          Conj/Air       31%        3d41      100%        9


Dungeon Overview and Level Annotations

Branches:
Dungeon (15/15)            Temple (1/1) D:7            Lair (6/6) D:11
 Shoals (0/4) Lair:4       Spider (0/4) Lair:4        Slime (0/5) Lair:6
    Orc (2/2) D:12         Vaults (0/5) D:13
    Elf: Orc:2       Depths: D:15

Altars:
Ashenzari
Cheibriados
Dithmenos
Elyvilon
Fedhas
Gozag
Hepliaklqana
Kikubaaqudgha
Makhleb
Nemelex Xobeh
Okawaru
Qazlal
Ru
Sif Muna
Trog
Uskayaw
Vehumet
Wu Jian
Xom
Yredelemnul
Zin
The Shining One
Jiyva

Shops:
D:4 ?   D:12 *

Portals:
Trove: D:12 (give +4 shadow dragon scales)

Annotations:
D:8 Joseph
D:12 3 runed translucent doors, exclusion: obsidian statue, Jiowabre's ghost, journeyman MiBe
D:14 3 runed translucent doors, Ygrerud's ghost, journeyman HOCA
Lair:2 2 runed translucent doors, nht's ghost, journeyman TrFi
Lair:6 exclusion: oklob plant
Orc:1 Jorgrun
Orc:2 Nessos


Innate Abilities, Weirdness & Mutations

You are very small and have problems with some larger weapons.
You are too small for most types of armour.
You have supernaturally acute eyesight. (SInv)
You cover ground extremely quickly. (Speed+++)
Armour fits poorly on your strangely shaped body.


Message History

Aim: a spriggan berserker, wielding a +0 rapier and wearing a +0 animal skin You feel a surge of power!
Poisonous vapours surround the spriggan berserker!
The spriggan berserker looks as sick as possible!
The elephant rages.
The spriggan berserker invokes Trog's protection!
The death yak rages.
Things that are here:
a +0 leather armour; a +0 war axe The elephant rages.
The death yak rages.
You hear a trumpeting!
You hear a trumpeting!
You hear a trumpeting!
Casting: Poisonous Vapours (safe; 1% risk of failure)
Confirm with . or Enter, or press ? or * to list all spells.
Aiming: Poisonous Vapours (safe; 1% risk of failure)
Press: ? - help, Dir - move target, f/p - spriggan berserker
Aim: a spriggan berserker, wielding a +0 rapier and wearing a +0 animal skin (regenerating, strong-willed, very poisoned)
You feel a surge of power!
Poisonous vapours surround the spriggan berserker!
The spriggan berserker looks as sick as possible!
You hear a trumpeting!
The death yak rages.
You hear a bellow!
The spriggan berserker utters an invocation to Trog.
The spriggan berserker goes berserk!
The death yak barely misses you.
The spriggan berserker completely misses you.
The death yak barely misses you. The spriggan berserker misses you.
The spriggan berserker hits you with a +0 rapier!!!
Ouch! That really hurt!
You can't see any enemies this would affect, really read the scroll of fear?
Okay, then.
Okay, then.
Okay, then.
The spriggan berserker completely misses you.
The elephant closely misses you. The elephant misses you.
The spriggan berserker hits you with a +0 rapier!!!
You die...

#........# #♣≈≈≈≈≈≈≈ #........#
##≈≈≈≈≈≈≈≈ #........# #...≈≈≈≈≈≈
###........######........c
###..........#.<...[≈.≈≈≈≈≈≈
#...#........#....#≈≈.≈P≈≈≈≈
##..#.....Y..#....≈♣≈.≈≈≈≈♣♣
##.......Yi.#..)♣♣≈≈.≈≈≈♣♣
###......@.#.c.≈♣≈≈.≈≈≈♣
####..#.##.(.♣♣≈≈.≈≈≈♣
#..........≈≈≈.≈≈≈♣
#...##.....≈♣≈.≈≈♣#
#...###....≈♣≈.≈≈P#
#.#........♣♣≈.≈≈≈##
#.#...##..#♣♣≈.≈≈≈≈#
#############.........♣≈≈≈.≈≈P≈#
.[....).........###..#≈≈≈≈.≈≈≈≈#


You could see a death yak (summoned, berserk), an elephant (summoned, berserk)
and a spriggan berserker (berserk, regenerating, strong-willed, very poisoned).

Vanquished Creatures
  Kirke (D:12)
  2 ettins (D:15)
  3 boulder beetles
  4 vault guards (D:13)
  6 hydras
  A merfolk avatar (Lair:6)
  3 two-headed ogres
  5 centaur warriors
  3 death knights
  A tengu warrior (D:13)
  6 death yaks
  A fire crab (Lair:5)
  10 skeletal warriors
  A spark wasp zombie (D:15)
  2 sea snakes
  A wizard (D:15)
  Pikel (D:6)
  2 phantasmal warriors (D:13)
  An orc knight (D:12)
  The ghost of BlueGoblin the Ruffian, a novice DrTm of Makhleb (D:6)
  4 deep elf pyromancers
  A wolf spider (Lair:4)
  8 ugly things
  4 cyclopes
  2 manticores
  A moth of wrath (shapeshifter) (D:15)
  An orc sorcerer (Orc:1)
  3 elephants (Lair:6)
  Maurice (D:8)
  A black mamba (shapeshifter) (D:13)
  5 black mambas
  9 cane toads
  A gargoyle (D:14)
  5 kobold demonologists (D:11)
  8 komodo dragons
  2 unseen horrors
  7 rime drakes
  A freezing wraith (D:14)
  3 trolls
  3 meliai
  3 polar bears
  Grinder (D:5)
  A hornet (D:10)
  A wolf spider simulacrum (D:15)
  2 wind drakes (Lair:6)
  9 blink frogs
  7 dream sheep
  5 slime creatures (D:13)
  Sigmund (D:6)
  A snapping turtle (Lair:6)
  4 wraiths
  3 water elementals
  2 vampires
  4 wyverns
  5 hogs (D:12)
  42 yaks
  A steam dragon (D:9)
  3 basilisks
  2 wargs (D:12)
  12 water moccasins
  5 orc warriors
  4 ice beasts
  2 sky beasts
  A black bear (Lair:1)
  5 ogres
  4 wolves (Lair:4)
  9 centaurs
  A phantom (D:5)
  10 bullfrogs
  4 kobold brigands (D:11)
  A gnoll sergeant (D:10)
  A scorpion (D:4)
  A wyvern zombie (D:7)
  16 killer bees
  4 wights (D:8)
  4 electric eels
  4 howler monkeys
  4 centaur zombies
  A bullfrog zombie (D:6)
  7 hounds
  9 orc priests
  2 jellies
  2 bullfrog skeletons
  5 iguanas
  11 orc wizards
  A killer bee zombie (D:8)
  A hound zombie (D:5)
  A hound skeleton (D:4)
  A howler monkey zombie (D:9)
  7 adders
  12 gnolls
  A howler monkey skeleton (D:7)
  2 shadow imps
  3 white imps
  2 ufetubi (D:6)
  5 worms
  2 dart slugs
  43 orcs
  10 bats
  12 endoplasms
  2 giant cockroaches
  5 goblins
  6 hobgoblins
  3 quokkas
  12 ball pythons
  4 frilled lizards
  18 kobolds
  6 rats
510 creatures vanquished.

Vanquished Creatures (collateral kills)
  65 foxfires
65 creatures vanquished.

Vanquished Creatures (others)
  A human (D:12)
  4016 foxfires
  21 fungi
  93 plants
  10 withered plants (D:15)
4141 creatures vanquished.

Grand Total: 4716 creatures vanquished

Notes
Turn   | Place    | Note
-------+----------+-------------------------------------------
     0 | D:1      | BinkBink the Spriggan Fire Elementalist began the quest for
                  | the Orb.
     0 | D:1      | Reached XP level 1. HP: 9/9 MP: 5/5
   203 | D:1      | Reached XP level 2. HP: 13/13 MP: 2/6
   359 | D:1      | Reached skill level 3 in Spellcasting
   790 | D:1      | Reached XP level 3. HP: 17/17 MP: 2/8
  1099 | D:2      | Reached skill level 1 in Conjurations
  1395 | D:2      | Reached skill level 1 in Fighting
  1539 | D:2      | Reached XP level 4. HP: 14/22 MP: 0/10
  2390 | D:3      | Reached skill level 4 in Spellcasting
  2697 | D:3      | Reached XP level 5. HP: 26/26 MP: 9/12
  3245 | D:4      | Found Jousevik's Magic Scroll Shop.
  3246 | D:4      | Noticed an ogre
  3270 | D:4      | Killed an ogre
  3325 | D:4      | Bought a scroll of noise for 14 gold pieces
  3325 | D:4      | Bought a scroll of fog for 28 gold pieces
  3325 | D:4      | Bought a scroll of identify for 28 gold pieces
  3329 | D:4      | Bought a scroll of identify for 28 gold pieces
  3396 | D:4      | Reached XP level 6. HP: 30/30 MP: 10/14
  3440 | D:4      | Reached skill level 5 in Spellcasting
  4078 | D:4      | Bought a scroll of identify for 28 gold pieces
  4355 | D:4      | Reached skill level 6 in Spellcasting
  4355 | D:4      | Reached XP level 7. HP: 35/35 MP: 11/17
  4454 | D:5      | Entered Level 5 of the Dungeon
  4757 | D:5      | Noticed Grinder
  4947 | D:5      | Killed Grinder
  5078 | D:5      | Reached skill level 7 in Spellcasting
  5078 | D:5      | Reached XP level 8. HP: 40/40 MP: 14/19
  5605 | D:6      | Found a transporter.
  5606 | D:6      | Noticed BlueGoblin's ghost (novice DrTm)
  5607 | D:6      | Found a transporter.
  5978 | D:6      | Reached skill level 8 in Spellcasting
  6126 | D:6      | Noticed Pikel
  6155 | D:6      | Killed Pikel
  6156 | D:6      | Reached skill level 5 in Fire Magic
  6156 | D:6      | Reached XP level 9. HP: 45/45 MP: 14/22
  6232 | D:6      | Found an iron altar of Okawaru.
  6333 | D:6      | Found a hazy altar of Hepliaklqana.
  6759 | D:6      | Noticed Sigmund
  6792 | D:6      | Killed Sigmund
  6793 | D:6      | Reached skill level 9 in Spellcasting
  7554 | D:7      | Found a staircase to the Ecumenical Temple.
  7559 | Temple   | Entered the Ecumenical Temple
  7900 | Temple   | Became a worshipper of Sif Muna the Loreminder
  8467 | D:8      | Identified the +11 hand axe of Utwiopp {venom, Str+2}
  8622 | D:8      | Reached skill level 5 in Fighting
  8816 | D:8      | Reached skill level 5 in Conjurations
  8953 | D:8      | Noticed Maurice
  9508 | D:8      | Killed Maurice
  9509 | D:8      | Reached XP level 10. HP: 50/51 MP: 16/24
  9810 | D:9      | Reached skill level 10 in Spellcasting
 10053 | D:9      | Reached * piety under Sif Muna
 10639 | D:9      | Noticed a two-headed ogre
 10708 | D:9      | Killed a two-headed ogre
 10801 | D:8      | Noticed Joseph
 11620 | D:10     | Entered Level 10 of the Dungeon
 11640 | D:10     | Noticed a two-headed ogre
 11682 | D:10     | Killed a two-headed ogre
 11683 | D:10     | Reached skill level 11 in Spellcasting
 11979 | D:10     | Found a white marble altar of Elyvilon.
 11991 | D:10     | Found a snail-covered altar of Cheibriados.
 12077 | D:10     | Reached ** piety under Sif Muna
 12822 | D:11     | Noticed a seven-headed hydra
 13181 | D:11     | You fall into a shaft and drop 2 floors!
 13181 | D:13     | Noticed a boulder beetle
 13184 | D:13     | Noticed a manticore
 13310 | D:12     | Noticed a cyclops
 13321 | D:12     | Killed a cyclops
 13322 | D:12     | Reached XP level 11. HP: 58/58 MP: 20/27
 13327 | D:12     | Reached skill level 5 in Stealth
 13367 | D:12     | Noticed Kirke
 13867 | D:12     | Found a staircase to the Orcish Mines.
 13903 | D:12     | Found a runed translucent gate.
 14071 | D:11     | Noticed a boulder beetle
 14242 | D:11     | Gained mutation: Armour fits poorly on your strangely
                  | shaped body. [a neqoxec]
 14257 | D:12     | Identified the +5 ring mail of the Mackerel {Dex+4}
 14776 | D:11     | Found a staircase to the Lair.
 14803 | D:11     | Noticed a deep elf pyromancer
 14827 | D:11     | Learned a level 2 spell: Poisonous Vapours
 14977 | D:11     | Killed a deep elf pyromancer
 14978 | D:11     | Reached skill level 12 in Spellcasting
 15238 | D:11     | Reached skill level 1 in Poison Magic
 15635 | D:11     | Reached skill level 1 in Air Magic
 15666 | D:11     | Killed a boulder beetle
 15860 | D:11     | Killed a seven-headed hydra
 15982 | D:12     | Found a portal to a secret trove of treasure.
 15990 | D:12     | Found a runed translucent gate.
 15991 | D:12     | Found a runed translucent gate.
 15992 | D:12     | Found an opulent altar of Gozag.
 15992 | D:12     | Noticed a tengu warrior
 15992 | D:12     | Noticed a yaktaur captain
 15993 | D:12     | Noticed an obsidian statue
 15994 | D:12     | Noticed a yaktaur captain
 15994 | D:12     | Noticed Jiowabre's ghost (journeyman MiBe)
 15995 | D:12     | Found Fyett's Assorted Antiques.
 16520 | D:13     | Noticed a centaur warrior
 16587 | D:13     | Noticed a four-headed hydra
 16609 | D:13     | Killed a four-headed hydra
 16629 | D:13     | Killed a boulder beetle
 16786 | D:13     | Noticed a vault guard
 16791 | D:13     | Noticed a centaur warrior
 16822 | D:13     | Killed a centaur warrior
 16822 | D:13     | Reached *** piety under Sif Muna
 17093 | D:13     | Noticed a vault guard
 17182 | D:13     | Reached XP level 12. HP: 63/63 MP: 21/29
 17215 | D:13     | Noticed a centaur warrior
 17237 | D:13     | Killed a centaur warrior
 17385 | D:13     | Noticed a tengu warrior
 17417 | D:13     | Killed a tengu warrior
 17498 | D:13     | Noticed a vault guard
 17813 | Orc:1    | Entered Level 1 of the Orcish Mines
 17844 | D:12     | Reached skill level 13 in Spellcasting
 17992 | Orc:1    | HP: 1/63 [orc knight/bolt (29)]
 18385 | Lair:1   | Entered Level 1 of the Lair of Beasts
 18812 | Lair:1   | Reached skill level 5 in Dodging
 19837 | Lair:2   | Noticed a six-headed hydra
 20138 | Lair:2   | Noticed a seven-headed hydra
 20168 | Lair:2   | Killed a seven-headed hydra
 20431 | Lair:2   | Killed a six-headed hydra
 21217 | Lair:2   | Found a large runed translucent door.
 21218 | Lair:2   | Found a large runed translucent door.
 21264 | Lair:2   | Noticed nht's ghost (journeyman TrFi)
 21638 | Lair:2   | Found a sacrificial altar of Ru.
 23495 | D:6      | Reached skill level 5 in Poison Magic
 23828 | D:6      | Killed BlueGoblin's ghost
 24285 | D:13     | Noticed a death knight
 24378 | D:12     | Reached XP level 13. HP: 58/68 MP: 27/31
 24878 | D:12     | Noticed a sphinx
 24889 | D:12     | Killed Kirke
 25793 | Lair:3   | Reached skill level 1 in Evocations
 25801 | Lair:3   | Reached **** piety under Sif Muna
 26383 | Lair:3   | Reached skill level 14 in Spellcasting
 26932 | Lair:4   | Found a hole to the Spider Nest.
 26992 | Lair:4   | Found an iron altar of Okawaru.
 27446 | Lair:4   | Found a staircase to the Shoals.
 27451 | Lair:4   | Reached skill level 5 in Air Magic
 28734 | D:13     | Reached skill level 10 in Stealth
 30223 | D:13     | Found a gate to the Vaults.
 30826 | D:13     | Upgraded the game from 0.28-a0-823-gb444dcf96d to
                  | 0.28-a0-834-g1a73be5ee4
 31921 | D:14     | Found a runed translucent gate.
 31921 | D:14     | Found a runed translucent gate.
 31922 | D:14     | Found a runed translucent gate.
 32070 | D:14     | Noticed Ygrerud's ghost (journeyman HOCA)
 32147 | D:14     | HP: 1/69 [freezing wraith[a death knight] (20)]
 33444 | Lair:5   | Reached XP level 14. HP: 74/74 MP: 30/33
 33850 | Lair:5   | You fall into a shaft and drop 1 floor!
 33850 | Lair:6   | Entered Level 6 of the Lair of Beasts
 34497 | Lair:6   | Found a hide-covered altar of Uskayaw.
 34554 | Lair:6   | Found a staircase to the Slime Pits.
 34555 | Lair:6   | Found a viscous altar of Jiyva.
 35265 | Lair:6   | Reached skill level 5 in Evocations
 35406 | Lair:6   | Identified the ring "Mares" {Fly rElec Slay+4 SInv Stlth-}
 35759 | Lair:5   | Reached skill level 15 in Spellcasting
 37024 | Lair:6   | Found a blossoming altar of Fedhas.
 38533 | Lair:6   | Identified 2 scrolls of acquirement
 39820 | Orc:1    | Found a burning altar of Makhleb.
 40107 | Orc:1    | Noticed Jorgrun
 40205 | Orc:1    | You fall into a shaft and drop 1 floor!
 40205 | Orc:2    | Entered Level 2 of the Orcish Mines
 40206 | Orc:2    | Noticed Nessos
 40599 | D:12     | Learned a level 4 spell: Airstrike
 44340 | D:14     | Reached ***** piety under Sif Muna
 45145 | D:14     | Found a shimmering blue altar of Sif Muna.
 46232 | D:15     | Entered Level 15 of the Dungeon
 46708 | D:15     | Received a gift from Sif Muna
 46711 | D:15     | Got Opuinn's Compendium of Stolen Souls and Combat Magic
                  | {god gift}
 46752 | D:15     | Reached XP level 15. HP: 79/79 MP: 14/35
 47621 | D:14     | Slain by a spriggan berserker

Illustrated notes

Levels and vault maps discovered:
D:1:      onia_arrival_pentagram, layout_basic
D:2:      layout_loops_ring
D:3:      layout_basic
D:4:      layout_loops_ring, serial_shops, shop
D:5:      layout_rooms, cheibrodos_sewer_entry_drain, uniq_grinder
D:6:      layout_loops_ring, mainiacjoe_overflow_catwalk_spiral,
          gammafunk_ghost_hive, uniq_sigmund, uniq_pikel
D:7:      cheibrodos_helix_gallery, layout_basic, temple_doors_e
D:8:      layout_basic, uniq_maurice, uniq_joseph
D:9:      layout_long_grid, minmay_lizard_king
D:10:     layout_long_grid, mainiacjoe_overflow_large_starburst
D:11:     layout_roguey, david_lair_shrubbed
D:12:     layout_irregular_city, orc_0_dummy, ebering_ghost_gozag,
          enter_trove_1, uniq_kirke
D:13:     layout_irregular_city, lightli_vaults_fourway_checkpoint
D:14:     layout_rooms, gammafunk_ghost_icy, lemuel_blue_sif_altar,
          serial_bayou_lagoon_b
D:15:     gammafunk_depths_entry_grave, layout_loops_ring,
          hellmonk_guarded_unrand_gyre_and_gimble
Temple:   hc_temple_tempest_star
Lair:1:   layout_concentric_octagons, serial_bayou_pond_d
Lair:2:   layout_small_grid, ebering_ghost_disaster_area, minivault_24,
          st_stairs_7, lemuel_centaur_altar
Lair:3:   layout_cave_shapes, kennysheep_catoblepas_arena
Lair:4:   layout_loops_ring, shoals_dummy_entry, spider_nest_entry_rubble,
          basic_altar
Lair:5:   layout_hall_layers, serial_bayou_shore_b
Lair:6:   gammafunk_lair_ancient_temple, layout_gridlike, slime_altar_1,
          basic_altar, chequers_serial_rivers_marsh, tgw_fedhas
Orc:1:    layout_caves, basic_altar, abandoned_shop, uniq_jorgrun
Orc:2:    st_orc_rangers, layout_diamond_mine, uniq_nessos

Skill      XL: |  1  2  3  4  5  6  7  8  9 10 11 12 13 14 |
---------------+-------------------------------------------+-----
Spellcasting   | 3 4 6 7 8 9 11 12 13 14 15 | 15.7
Conjurations   | 1 2 3 4 5 6 7 |  7.8
Fire Magic     | 3 4 5 6 7 8 |  8.9
Fighting       | 1 2 3 4 5 6 7 8 9 |  9.2
Dodging        | 3 4 6 7 9 |  9.2
Stealth        | 4 7 8 10 12 | 12.5
Poison Magic   | 2 5 6 7 |  7.9
Air Magic      | 3 4 5 7 |  7.9
Evocations     | 4 6 |  6.6

Action                   |  1- 3 |  4- 6 |  7- 9 | 10-12 | 13-15 || total
-------------------------+-------+-------+-------+-------+-------++-------
Melee: Staff             |       |       |       |     5 |     5 ||    10
 Cast: Foxfire           |    99 |   154 |   361 |  1001 |   817 ||  2432
       Poisonous Vapours |       |       |       |   115 |   356 ||   471
       Airstrike         |       |       |       |       |   163 ||   163
  Use: Scroll            |       |     7 |       |    14 |    10 ||    31
       Potion            |       |       |       |     5 |     6 ||    11
Armor: Robe              |       |     2 |    10 |    52 |     5 ||    69
Dodge: Dodged            |     7 |    11 |    35 |   373 |   292 ||   718

Table legend: (Time is in decaauts)
 A = Elapsed time spent in this place.
 B = Non-inter-level travel time spent in this place.
 C = Inter-level travel time spent in this place.
 D = Time resting spent in this place.
 E = Time spent auto-exploring this place.
 F = Levels seen in this place.
 G = Mean time per level.
                   A        B        C        D        E       F      G
               +--------+--------+--------+--------+--------+-----+--------+
         Total |  38725 |  36217 |   2508 |      0 |  27413 |  24 | 1613.5 |
       Dungeon |  26780 |  24972 |   1808 |      0 |  18855 |  15 | 1785.3 |
        Temple |    211 |    180 |     31 |      0 |    166 |   1 |  211.0 |
          Lair |  11118 |  10452 |    666 |      0 |   7985 |   6 | 1853.0 |
  Orcish Mines |    614 |    613 |      1 |      0 |    405 |   2 |  307.0 |
               +--------+--------+--------+--------+--------+-----+--------+

Top non-repeatable levels by time:
    D:13: 6375 daAuts
    D:12: 4285 daAuts
  Lair:5: 2518 daAuts
  Lair:6: 2311 daAuts
    D:14: 2059 daAuts
    D:11: 1997 daAuts
  Lair:2: 1867 daAuts
     D:6: 1746 daAuts
  Lair:1: 1571 daAuts
  Lair:4: 1465 daAuts
     D:8: 1455 daAuts
  Lair:3: 1384 daAuts
     D:9: 1318 daAuts
    D:10: 1078 daAuts
    D:15: 1058 daAuts
